Map: Terraform LE (Void)

Players

SticklerMac - Winner!

  • Race: Zerg Zerg
  • League: Grandmaster

VOD

Have the link to the VOD?

Description

Time

  • Played on: Sept. 18, 2015, 8:53 p.m.
  • Length: 45:13
Show
View Real Time Build Order
Export as new Build Order

SticklerMac Zerg - Winner!

Build Orders:  

Get SALT Encoding   

  12  6:06  Hatchery  
  12  6:12  Hatchery  
  12  6:18  Hatchery x2  
  12  6:30  Hatchery  
  12  6:34  Hatchery  
  12  6:40  Hatchery  
  12  6:52  Hatchery  
  12  6:59  Hatchery  
  12  7:07  Hatchery  
  12  7:11  Hatchery  
  12  7:14  Hatchery  
  12  11:11  Drone  
  12  11:13  Drone x4  
  12  11:15  Drone x2  
  12  11:16  Drone x3  
  12  11:17  Drone  
  12  11:18  Drone x3  
  12  11:34  Drone  
  12  11:38  Drone  
  12  12:23  Drone  
  12  12:24  Drone x13  
  12  12:27  Drone  
  12  12:31  Drone  
  12  12:33  Drone  
  12  12:36  Drone  
  12  13:18  Drone  
  12  13:22  Drone  
  12  13:23  Drone  
  12  13:24  Drone x16  
  12  13:25  Drone x12  
  12  13:44  Drone x9  
  12  13:45  Drone x8  
  12  13:47  Overlord  
  12  13:48  Overlord  
  12  13:53  Drone x2  
  12  13:58  Drone  
  12  13:59  Drone  
  12  14:00  Overlord x4  
  12  14:01  Overlord x2  
  12  14:02  Overlord  
  12  14:15  Drone x16  
  12  14:17  Overlord x4  
  12  14:18  Overlord x2  
  12  14:19  Drone  
  12  14:20  Drone x2  
  12  14:21  Overlord  
  12  14:25  Drone  
  12  14:26  Drone x2  
  12  14:27  Drone x9  
  12  14:28  Drone  
  12  14:29  Drone x2  
  12  14:32  Drone x2  
  12  14:33  Drone x5  
  12  14:34  Drone x2  
  12  14:35  Drone  
  12  14:39  Drone  
  12  14:41  Drone x6  
  12  14:42  Drone x4  
  12  14:44  Drone x2  
  12  14:50  Drone x7  
  12  14:51  Drone  
  12  14:53  Drone x3  
  12  14:55  Drone x2  
  12  14:59  Drone  
  12  15:00  Drone x6  
  12  15:02  Drone  
  12  15:03  Drone  
  12  15:14  Drone  
  12  15:15  Drone x5  
  12  15:16  Drone x3  
  12  15:17  Drone x8  
  12  15:28  Drone  
  12  15:29  Drone x7  
  12  15:30  Drone x3  
  12  15:31  Drone x3  
  12  15:34  Drone x2  
  12  15:35  Drone x2  
  12  28:02  Hatchery  
  12  28:22  Overlord x7  
  12  28:23  Overlord x28  
  12  28:24  Overlord x4  
  12  40:08  Overlord  
  12  40:09  Overlord x26  
  12  40:10  Overlord x12  
  12  40:23  Overlord x2  
  12  40:24  Overlord x11  
  12  40:41  Overlord x2  
  12  40:42  Overlord x12  
  12  40:48  Overlord x3  
  12  40:49  Overlord x9  
  12  40:52  Overlord x3  
  12  40:53  Overlord x4  
  12  40:56  Overlord x5  
  12  40:57  Overlord  
  12  41:41  Overlord  
  12  41:42  Overlord x22  
  12  41:43  Overlord x11  
  12  41:55  Overlord x10  
  12  41:56  Overlord x8  
  12  42:04  Overlord  
  12  42:05  Overlord x11  
  12  42:06  Overlord  
  12  42:15  Overlord  
  12  42:16  Overlord x12  
  12  42:25  Overlord  
  12  42:26  Overlord x4  
  12  42:31  Overlord x3  
  12  42:32  Overlord x5  
  12  42:37  Overlord  
  12  42:38  Overlord x5  
  12  42:39  Overlord x7  
  12  42:53  Overlord x2  
  12  42:54  Overlord x11  
  12  42:59  Overlord  
  12  43:00  Overlord x11  
  12  43:01  Overlord  
  12  43:09  Overlord  
  12  43:10  Overlord x12  
  12  43:20  Overlord x2  
  12  43:21  Overlord x11  
  12  43:33  Overlord x2  
  12  43:34  Overlord x11  
  12  43:44  Overlord  
  12  43:45  Overlord x12  
  12  43:52  Overlord x9  
  12  43:53  Overlord x4  
  12  44:04  Overlord  
  12  44:05  Overlord x12  
  12  44:15  Overlord  
  12  44:16  Overlord x12  
  12  44:24  Overlord  
  12  44:25  Overlord x9  
  12  44:26  Overlord x3  
  12  44:41  Overlord x3  
  12  44:42  Overlord x10  
Tags
 
Add a new tag
Caveats
  • Supply blocks, unpowered buildings, or Contaminate may cause inaccurate times.
  • Supply counts are checked every 10 seconds.